 Dungeon Crawl Stone Soup version 0.18.1-47-g9310371 (webtiles) character file.

35886 rockintein the Severer (level 13, -2/119 HPs)
             Began as a Minotaur Berserker on June 14, 2016.
             Was a High Priest of Trog.
             Slain by an ice devil (5 damage)
             ... in an ice cave.
             The game lasted 00:27:53 (16994 turns).

rockintein the Severer (Minotaur Berserker)        Turns: 16994, Time: 00:27:54

Health: -2/119     AC: 11    Str: 28    XL:     13   Next: 50%
Magic:  0/12       EV: 12    Int:  4    God:    Trog [*****.]
Gold:   361        SH: 16    Dex: 12    Spells: 0 memorised, 12 levels left

rFire  + . .     SeeInvis .     E - +4 broad axe (drain)
rCold  . . .     Gourm    .     h - +1 steam dragon armour of Kikubaaqudgha's Hope {rN++}
rNeg   + + .     Faith    .     l - +3 shield
rPois  .         Spirit   +     (helmet restricted)
rElec  .         Dismiss  .     i - +0 cloak
rCorr  .         Reflect  .     (no gloves)
SustAt .         Harm     .     A - +0 pair of boots
MR     .....                    m - amulet of guardian spirit
Stlth  +.........               v - +3 ring of strength
                                g - ring of protection from fire

@: not resistant to hostile enchantments, very unstealthy
A: retaliatory headbutt, horns 2
a: Berserk, Trog's Hand, Brothers in Arms, Burn Spellbooks, Renounce Religion


You were in an ice cave.
You worshipped Trog.
Trog was extremely pleased with you.
You were hungry.

You visited 2 branches of the dungeon, and saw 16 of its levels.
You also visited: Ice Cave.

You collected 686 gold pieces.
You spent 325 gold pieces at shops.

Inventory:

Hand Weapons
 E - a +4 broad axe of draining (weapon)
Armour
 h - the +1 steam dragon armour of Kikubaaqudgha's Hope (worn) {rN++}
   (You found it on level 10 of the Dungeon)

   It greatly protects you from negative energy.
 i - a +0 cloak (worn)
 l - a +3 shield (worn)
 A - a +0 pair of boots (worn)
Jewellery
 g - a ring of protection from fire (left hand)
 m - an amulet of guardian spirit (around neck)
 v - a +3 ring of strength (right hand)
Wands
 w - a wand of teleportation (4/9)
 J - a wand of paralysis (12/24)
Scrolls
 d - 7 scrolls of identify
 f - 3 scrolls of recharging
 j - 6 scrolls of teleportation
 k - 3 scrolls of enchant armour
 p - 2 scrolls of blinking
 u - 2 scrolls of remove curse
 x - 3 scrolls of enchant weapon
 H - a scroll of brand weapon
Potions
 a - a potion of haste
 e - 2 potions of curing
 n - 3 potions of might
 r - 2 potions of flight
 s - a potion of agility
 t - a potion of cancellation {unknown}
 z - 2 potions of resistance
 B - a potion of invisibility
 D - a potion of ambrosia
 F - a potion of lignification {unknown}
 K - a potion of brilliance {unknown}
Books
 y - a book of Flames

   Spells                             Type                      Level
   a - Flame Tongue                   Conjuration/Fire             1
   b - Throw Flame                    Conjuration/Fire             2
   c - Conjure Flame                  Conjuration/Fire             3
   d - Inner Flame                    Hexes/Fire                   3
   e - Sticky Flame                   Conjuration/Fire             4
   f - Fireball                       Conjuration/Fire             5
   Trog disapproves of the use of such an item.
 C - a book of Flames

   Spells                             Type                      Level
   a - Flame Tongue                   Conjuration/Fire             1
   b - Throw Flame                    Conjuration/Fire             2
   c - Conjure Flame                  Conjuration/Fire             3
   d - Inner Flame                    Hexes/Fire                   3
   e - Sticky Flame                   Conjuration/Fire             4
   f - Fireball                       Conjuration/Fire             5
   Trog disapproves of the use of such an item.
 I - the Incunabulum of Dark Arcane Weapons
   (You found it on level 3 of the Lair of Beasts)

   Spells                             Type                      Level
   a - Magic Dart                     Conjuration                  1
   b - Sublimation of Blood           Necromancy                   2
   c - Animate Dead                   Necromancy                   4
   d - Death Channel                  Necromancy                   6
   e - Orb of Destruction             Conjuration                  7
   Trog disapproves of the use of such an item.
Comestibles
 b - 7 meat rations
 c - 8 bread rations
 q - 7 royal jellies
 G - a beef jerky


   Skills:
 + Level 12.9 Fighting
 * Level 17.1 Axes
 + Level 12.4 Armour
 - Level 2.1 Dodging
 + Level 12.0 Shields


You had 12 spell levels left.
You didn't know any spells.

Dungeon Overview and Level Annotations

Branches:
Dungeon (12/15)            Temple (0/1) D:6            Lair (4/8) D:9
 Shoals (0/4) Lair:3       Spider (0/4) Lair:3          Orc (0/2) D:12

Altars:
Ashenzari
Dithmenos
Fedhas
Kikubaaqudgha
Makhleb
Pakellas
Qazlal
Ru
Sif Muna
Trog
Yredelemnul
Zin
The Shining One

Shops:
D:8 (   D:11 *}?=

Annotations:
Lair:2 exclusion: oklob plant


Innate Abilities, Weirdness & Mutations

You reflexively headbutt those who attack you in melee.
You have a pair of horns on your head.


Message History

You headbutt the ice devil, but do no damage.
The ice devil is almost dead.
You are engulfed in freezing vapours.
* * * LOW HITPOINT WARNING * * *
The ice devil hits you but does no damage.
You hit the ice devil. You headbutt the ice devil.
You kill the ice devil!
Trog accepts your kill. Something appears at your feet! Trog grants you a gift!
You are engulfed in freezing vapours.
* * * LOW HITPOINT WARNING * * *
Drink which item? (? for menu, Esc to quit)
You feel better.
You are engulfed in freezing vapours.
* * * LOW HITPOINT WARNING * * *
Drink which item? (? for menu, Esc to quit)
You feel better.
You are engulfed in freezing vapours.
* * * LOW HITPOINT WARNING * * *
The ice devil hits you.
You die...

##..# ##..## #..##
####..#### ###§#....#.#
###.§§.......#
####§§..§.......#
######§§§...§.........
#...4@§.§§#§§§.......#
......§§§#§###..........
..##..###### ##........#
##. #####...## # #####


You could see an ice devil.

Vanquished Creatures
  Rupert (Lair:3)
  A hydra (D:9)
  A centaur warrior (D:12)
  A death knight (D:12)
  Sonja (D:12)
  2 unseen horrors
  An orb spider (Lair:3)
  7 hill giants
  A cyclops (D:9)
  3 ugly things (D:12)
  Joseph (D:9)
  4 black mambas
  2 ice statues (IceCv)
  2 centaur zombies
  A gargoyle (D:11)
  5 spiny frogs
  An ice devil (IceCv)
  3 freezing wraiths (D:12)
  A queen bee (D:11)
  7 trolls
  5 blink frogs (Lair:3)
  3 slime creatures (D:12)
  A shadow (D:11)
  A wyvern (D:10)
  24 yaks
  3 wraiths
  A hungry ghost (D:7)
  Eustachio (D:5)
  Menkaure (D:5)
  4 hippogriffs
  2 porcupines
  3 water moccasins
  8 orc warriors
  An eye of draining (D:4)
  3 ice beasts
  5 sky beasts
  A necrophage (D:11)
  A wasp (D:8)
  6 ogres
  22 centaurs
  3 crocodiles
  2 big kobolds (D:11)
  14 giant frogs
  5 scorpions
  41 killer bees
  12 wights
  16 howler monkeys
  3 electric eels (D:12)
  5 crimson imps
  7 centaur skeletons
  A giant frog skeleton (D:7)
  15 iguanas
  6 orc priests
  5 hounds
  4 worker ants
  11 orc wizards
  Terence (D:3)
  5 sheep (Lair:4)
  A hound zombie (D:11)
  5 gnolls
  A howler monkey skeleton (D:8)
  34 river rats
  9 adders
  3 shadow imps
  5 white imps (IceCv)
  6 ufetubi (IceCv)
  2 oozes
  2 adder skeletons
  An adder zombie (D:5)
  4 worms
  A dart slug (D:1)
  6 giant geckos
  62 orcs
  7 bats
  7 giant cockroaches
  7 goblins
  6 hobgoblins
  8 jackals
  16 kobolds
  6 quokkas
  A ball python (D:4)
  A giant gecko skeleton (D:5)
  8 giant newts
  A quokka zombie (D:8)
  11 rats
  10 fungi (D:9)
  5 plants (D:9)
534 creatures vanquished.

Vanquished Creatures (others)
  5 white imps (IceCv)
  An ufetubus (IceCv)
  5 fungi (D:9)
  5 plants (D:9)
16 creatures vanquished.

Grand Total: 550 creatures vanquished

Notes
Turn   | Place    | Note
--------------------------------------------------------------
     0 | D:1      | rockintein the Minotaur Berserker began the quest for the Orb.
     0 | D:1      | Reached XP level 1. HP: 19/19 MP: 0/0
    68 | D:1      | Reached XP level 2. HP: 23/27 MP: 1/1
   192 | D:1      | Reached skill level 4 in Axes
   782 | D:2      | Reached XP level 3. HP: 33/33 MP: 2/2
   818 | D:2      | Found an oddly glowing altar of Pakellas.
   919 | D:2      | Reached ** piety under Trog
  1153 | D:2      | Reached XP level 4. HP: 39/41 MP: 3/3
  1191 | D:2      | Reached skill level 1 in Shields
  1530 | D:2      | Found a deep blue altar of Sif Muna.
  1574 | D:2      | Found a burning altar of Makhleb.
  1967 | D:3      | Found a sacrificial altar of Ru.
  2097 | D:3      | Noticed Terence
  2144 | D:3      | Killed Terence
  2144 | D:3      | Reached skill level 5 in Axes
  2254 | D:3      | Found a glowing silver altar of Zin.
  2322 | D:3      | Reached XP level 5. HP: 47/47 MP: 4/4
  2927 | D:4      | Found a bloodstained altar of Trog.
  2930 | D:4      | Noticed an eye of draining
  2952 | D:4      | Killed an eye of draining
  2952 | D:4      | Reached skill level 5 in Fighting
  2952 | D:4      | Reached skill level 6 in Axes
  2952 | D:4      | Reached XP level 6. HP: 56/56 MP: 2/5
  3233 | D:5      | Entered Level 5 of the Dungeon
  3424 | D:5      | Reached *** piety under Trog
  3424 | D:5      | Reached XP level 7. HP: 61/61 MP: 2/6
  3568 | D:5      | Reached skill level 7 in Axes
  3702 | D:5      | Reached skill level 5 in Armour
  3797 | D:5      | Noticed Menkaure
  3802 | D:5      | Killed Menkaure
  3893 | D:5      | Noticed Eustachio
  3907 | D:5      | Killed Eustachio
  3907 | D:5      | Reached XP level 8. HP: 71/71 MP: 2/7
  4007 | D:5      | Reached skill level 8 in Axes
  4233 | D:6      | Reached skill level 5 in Shields
  4574 | D:6      | Found a staircase to the Ecumenical Temple.
  4593 | D:6      | Reached skill level 9 in Axes
  4910 | D:7      | Reached XP level 9. HP: 18/79 MP: 2/8
  5470 | D:7      | Reached **** piety under Trog
  5470 | D:7      | Reached skill level 10 in Axes
  5639 | D:7      | Found a shadowy altar of Dithmenos.
  5645 | D:7      | Found a shattered altar of Ashenzari.
  6201 | D:8      | Found a blossoming altar of Fedhas.
  6203 | D:8      | Found an ancient bone altar of Kikubaaqudgha.
  6551 | D:8      | Found a glowing golden altar of the Shining One.
  6551 | D:8      | Found a basalt altar of Yredelemnul.
  6560 | D:8      | Noticed an angel
  6588 | D:8      | Reached skill level 11 in Axes
  6699 | D:8      | Found Dudy's Weapon Boutique.
  6706 | D:8      | You fall through a shaft for 2 floors!
  6706 | D:10     | Entered Level 10 of the Dungeon
  6711 | D:10     | Noticed a hill giant
  6718 | D:10     | Killed a hill giant
  6895 | D:10     | Reached XP level 10. HP: 83/90 MP: 3/9
  6970 | D:9      | Found a staircase to the Lair.
  7024 | D:9      | Noticed a cyclops
  7043 | D:9      | Killed a cyclops
  7053 | D:9      | Reached skill level 12 in Axes
  7066 | D:9      | Reached ***** piety under Trog
  7068 | D:9      | Noticed a four-headed hydra
  7072 | D:9      | Noticed Joseph
  7077 | D:9      | HP: 1/91 [eight-headed hydra (6)]
  7104 | D:9      | Found a stormy altar of Qazlal.
  7850 | D:9      | Killed Joseph
  7906 | D:9      | Killed a 12-headed hydra
  8072 | D:9      | Reached skill level 10 in Fighting
  8537 | D:10     | Noticed a hill giant
  8539 | D:10     | Noticed a hill giant
  8544 | D:10     | Killed a hill giant
  8544 | D:10     | Reached skill level 13 in Axes
  8546 | D:10     | Killed a hill giant
  8546 | D:10     | Reached XP level 11. HP: 100/100 MP: 7/10
  8553 | D:10     | Got a heavily runed steam dragon armour
  8564 | D:10     | Identified the +1 steam dragon armour of Kikubaaqudgha's Hope {rN++} (You found it on level 10 of the Dungeon)
  8638 | D:10     | Noticed a hill giant
  8644 | D:10     | Killed a hill giant
  8792 | D:10     | Killed an unseen horror
  8960 | D:10     | Noticed a hill giant
  8967 | D:10     | Killed a hill giant
  9108 | D:10     | Reached skill level 10 in Armour
  9498 | D:11     | Killed an unseen horror
  9862 | D:11     | Reached skill level 14 in Axes
 10242 | D:11     | Received a gift from Trog
 10266 | D:11     | Found Goeph's General Store.
 10274 | D:11     | Bought a potion of flight for 45 gold pieces
 10331 | D:11     | Found Sapp's Magic Scroll Shoppe.
 10395 | D:11     | Reached skill level 10 in Shields
 10618 | D:11     | Reached XP level 12. HP: 94/110 MP: 11/11
 10867 | D:11     | Found Depric's Jewellery Boutique.
 10917 | D:11     | Found Maisor's Gadget Shop.
 11253 | D:12     | Noticed a centaur warrior
 11262 | D:12     | Killed a centaur warrior
 11262 | D:12     | Reached skill level 15 in Axes
 11306 | D:12     | Received a gift from Trog
 11405 | D:12     | Noticed Sonja
 11620 | D:12     | Killed Sonja
 11693 | D:12     | Noticed a death knight
 11709 | D:12     | Killed a death knight
 11709 | D:12     | HP: 3/168 [freezing wraith[a death knight] (23)]
 12194 | D:12     | Reached skill level 16 in Axes
 12756 | D:12     | Found a staircase to the Orcish Mines.
 12916 | Lair:1   | Entered Level 1 of the Lair of Beasts
 13193 | Lair:1   | Reached XP level 13. HP: 98/119 MP: 9/12
 13353 | Lair:1   | Received a gift from Trog
 13703 | D:11     | Bought a scroll of brand weapon for 280 gold pieces
 15149 | Lair:3   | Found a staircase to the Shoals.
 15261 | Lair:3   | Identified the Incunabulum of Dark Arcane Weapons
 15310 | Lair:3   | Found a hole to the Spider Nest.
 15437 | Lair:3   | Noticed Rupert
 15450 | Lair:3   | Killed Rupert
 15450 | Lair:3   | Reached skill level 17 in Axes
 16045 | Lair:4   | Found a frozen archway.
 16059 | IceCv    | Entered an ice cave
 16992 | IceCv    | Received a gift from Trog
 16993 | IceCv    | HP: 2/119 [something (14)]
 16994 | IceCv    | Slain by an ice devil

Skill      XL: |  1  2  3  4  5  6  7  8  9 10 11 12 13 |
---------------+----------------------------------------+-----
Axes           | 4 5 6 7 9 11 13 14 16 17 | 17.1
Fighting       | 4 5 6 7 8 10 11 12 | 12.9
Armour         | 3 4 5 6 8 9 10 11 12 | 12.4
Shields        | 1 2 3 4 5 7 8 10 11 12 | 12.0
Dodging        | |  2.1

Action                   |  1- 3 |  4- 6 |  7- 9 | 10-12 | 13-15 || total
-------------------------+-------+-------+-------+-------+-------++-------
Melee: Hand axe          |    83 |   124 |       |       |       ||   207
       Headbutt          |     6 |    29 |    54 |   166 |    59 ||   314
       Unarmed           |       |     7 |       |       |       ||     7
       War axe           |       |    18 |   281 |   701 |    26 ||  1026
       Broad axe         |       |       |       |       |   175 ||   175
Invok: Trog's Hand       |       |     2 |     5 |    12 |     1 ||    20
       Berserk           |       |     1 |     3 |     6 |     1 ||    11
  Use: Scroll            |       |     5 |     5 |     8 |     4 ||    22
       Potion            |       |     1 |     5 |     2 |     2 ||    10
 Stab: Distracted        |       |       |       |     1 |       ||     1
       Sleeping          |       |       |       |     1 |       ||     1
  Eat: Chunk             |     1 |     8 |    13 |    27 |    11 ||    60
       Fruit             |       |       |     1 |     1 |     2 ||     4
       Bread ration      |       |       |     1 |       |       ||     1
       Royal jelly       |       |       |     1 |       |       ||     1
       Pizza             |       |       |       |     1 |       ||     1
Armor: Animal skin       |     2 |       |       |       |       ||     2
       Scale mail        |    29 |    13 |       |       |       ||    42
       Chain mail        |       |    26 |    13 |       |       ||    39
       Plate armour      |       |       |   138 |    96 |       ||   234
       Steam dragon armo |       |       |       |   142 |    16 ||   158
Dodge: Dodged            |    43 |    37 |    42 |   208 |    26 ||   356
Block: Shield            |    15 |    65 |   198 |   583 |   103 ||   964
